 Dungeon Crawl Stone Soup version 0.29-a0-459-g97dee8cd24 (console) character file.

Game seed: 11585828074742676359

129 jejorda2 the Poker (level 5, -3/42 HPs)
             Began as a Merfolk Fighter on May 20, 2022.
             Slain by Grinder (5 damage)
             ... on level 3 of the Dungeon.
             The game lasted 00:06:25 (2489 turns).

jejorda2 the Poker (Merfolk Fighter)                Turns: 2489, Time: 00:06:26

Health: -3/42      AC: 10    Str: 19    XL:     5   Next: 12%
Magic:  5/5        EV:  7    Int:  7    God:
Gold:   189        SH:  4    Dex: 13    Spells: 4/4 levels left

rFire   . . .      SeeInvis .   a - +1 short sword (elec)
rCold   . . .      Faith    .   c - +0 buckler
rNeg    . . .      Spirit   .   q - +0 chain mail
rPois   .          Reflect  .   (no helmet)
rElec   .          Harm     .   (no cloak)
rCorr   .          Rampage  .   o - +0 pair of gloves
Will    .....                   (no boots)
Stlth   ..........              (no amulet)
HPRegen 0.14/turn               (no ring)
MPRegen 0.09/turn               (no ring)

@: mighty
A: (nimble swimmer 2), mertail
a: no special abilities


You were on level 3 of the Dungeon.
You visited 1 branch of the dungeon, and saw 3 of its levels.

You collected 189 gold pieces.

Inventory:

Hand Weapons
 a - a +1 short sword of electrocution (weapon)
 j - a +0 trident
Missiles
 f - 152 stones (quivered)
 t - 2 poisoned darts
Armour
 b - a +0 scale mail
 c - a +0 buckler (worn)
 k - a +0 kite shield
 o - a +0 pair of gloves (worn)
 q - a +0 chain mail (worn)
Jewellery
 r - a ring of magical power
Wands
 p - a wand of digging (8)
Scrolls
 e - 2 scrolls of identify {unknown}
 h - a scroll of acquirement {unknown}
 n - a scroll of noise {unknown}
 u - a scroll of amnesia {unknown}
 v - a scroll of fear {unknown}
Potions
 d - a potion of might
 g - 2 potions of resistance {unknown}
 i - 2 potions of heal wounds {unknown}
 l - a potion of mutation {unknown}
 m - 2 potions of berserk rage {unknown}
 s - a potion of ambrosia {unknown}


   Skills:
 + Level 4.1 Fighting
 * Level 2.5 Short Blades
 - Level 4.1 Polearms
 + Level 2.8 Armour
 - Level 3.0 Shields


You had 4 spell levels left.
You didn't know any spells.
Your spell library contained the following spells:

 Spells                   Type           Power      Damage    Failure   Level
 Summon Small Mammal      Summ           0%         N/A       100%        1
 Poisonous Vapours        Pois/Air       0%         N/A       100%        2
 Call Canine Familiar     Summ           0%         N/A       100%        3
 Summon Guardian Golem    Hex/Summ       0%         N/A       100%        3
 Corpse Rot               Necr/Pois/Air  0%         N/A       100%        4


Dungeon Overview and Level Annotations

Branches:
Dungeon (3/15)

Altars:
Gozag

Annotations:
D:3 3 runed translucent doors, Grinder; dabmancer's ghost, amateur OpWz


Innate Abilities, Weirdness & Mutations

((You are very nimble when in or above water. (Stealth+, EV+, Speed+++)))
Your lower body shifts to a powerful aquatic tail in water.


Message History

Grinder is lightly wounded.
Grinder blinks!
Unknown command.
You throw a stone. The stone closely misses Grinder.
Grinder gestures at you.
You barely resist. You throw a stone.
The stone hits Grinder but does no damage.
Grinder is lightly wounded.
You feel very mighty all of a sudden. Grinder gestures at you.
You suddenly lose the ability to move!
Grinder hits you but does no damage. x2
Grinder hits you!
You writhe in agony.
* * * LOW HITPOINT WARNING * * *
You can move again.
Unknown command.
Unknown command.
Unknown command.
You puncture Grinder!
Grinder is moderately wounded.
Grinder says, "Mostly I couldn't keep them alive."
Grinder blinks!
A kobold comes into view. It is wielding a +0 whip.
Okay, then.
Grinder gestures at you.
You barely resist. You block Grinder's attack.
You closely miss Grinder.
Grinder is moderately wounded.
Grinder hits you.
* * * LOW HITPOINT WARNING * * *
You writhe in agony.
* * * LOW HITPOINT WARNING * * *
You closely miss Grinder.
Grinder is moderately wounded.
Grinder hits you!
* * * LOW HITPOINT WARNING * * *
You writhe in agony.
You die...

#.# #.. #(# #.# #. #(# #.# ##
#.#########.# #. #.##.....##.#
## #K##.###.##.#####. #.##.#
#........#. #5##.###.##.######
###@##.....##.....#.
#...####.##########. #.### #.#
###### ####.# #.######...#.
#..(.# #.##.......#.
#.#########.##.###...#.
#.######.#.........##.# ##..##
#....<..#...##....รท##.####.###
#.######.#..#...............##


You could see Grinder and a kobold.

Vanquished Creatures
  Terence (D:2)
  An adder (D:2)
  A worm (D:2)
  4 dart slugs
  3 orcs (D:2)
  3 bats
  6 endoplasms
  A giant cockroach (D:1)
  7 goblins
  9 hobgoblins
  3 jackals (D:3)
  5 quokkas
  4 ball pythons
  4 frilled lizards
  13 kobolds
  9 rats
74 creatures vanquished.

Notes
Turn   | Place    | Note
-------+----------+-------------------------------------------
     0 | D:1      | jejorda2 the Merfolk Fighter began the quest for the Orb.
     0 | D:1      | Reached XP level 1. HP: 18/18 MP: 1/1
    84 | D:1      | Reached XP level 2. HP: 24/24 MP: 2/2
   468 | D:1      | Reached XP level 3. HP: 29/29 MP: 3/3
   474 | D:1      | Found a faded altar of an unknown god.
  1274 | D:2      | Reached skill level 1 in Short Blades
  1274 | D:2      | Reached XP level 4. HP: 37/37 MP: 4/4
  1353 | D:2      | Noticed Terence
  1358 | D:2      | Killed Terence
  2070 | D:3      | Found a runed translucent gate.
  2070 | D:3      | Found a runed translucent gate.
  2071 | D:3      | Found a runed translucent gate.
  2073 | D:3      | Found an opulent altar of Gozag.
  2075 | D:3      | Noticed a necrophage
  2075 | D:3      | Noticed dabmancer's ghost (amateur OpWz)
  2223 | D:3      | Reached XP level 5. HP: 39/42 MP: 5/5
  2473 | D:3      | Noticed Grinder
  2481 | D:3      | Paralysed by Grinder for 4 turns
  2489 | D:3      | HP: 2/42 [Grinder (7)]
  2489 | D:3      | Slain by Grinder

Illustrated notes

Levels and vault maps discovered:
D:1:      dpeg_arrival_houses_and_road, layout_basic,
          ebering_ecumenical_altar_mist, st_stairs_6, minmay_pentomino_s4
D:2:      layout_basic, minivault_27, dreamdust_wishing_well,
          grunt_ministairs_4, guppyfry_early_orc_mine, uniq_terence
D:3:      minmay_razor_zed, layout_loops_ring, ebering_ghost_gozag,
          minmay_misc_feat_chi, uniq_grinder

Skill      XL: |  1  2  3  4 |
---------------+-------------+-----
Polearms       | 3 4 |  4.1
Short Blades   | 1 2 |  2.5
Fighting       | 4 |  4.1
Armour         | |  2.8
Shields        | |  3.0

Action                   |  1- 3 |  4- 6 || total
-------------------------+-------+-------++-------
Melee: Trident           |   104 |       ||   104
       Short sword       |    24 |    75 ||    99
Throw: Stone             |    29 |     9 ||    38
  Use: Potion            |       |     1 ||     1
Armor: Scale mail        |    57 |     3 ||    60
       Chain mail        |       |    25 ||    25
Dodge: Dodged            |    40 |    16 ||    56
Block: Buckler           |    14 |    15 ||    29

Table legend: (Time is in decaauts)
 A = Elapsed time spent in this place.
 B = Non-inter-level travel time spent in this place.
 C = Inter-level travel time spent in this place.
 D = Time resting spent in this place.
 E = Time spent auto-exploring this place.
 F = Levels seen in this place.
 G = Mean time per level.
                   A        B        C        D        E       F      G
               +--------+--------+--------+--------+--------+-----+--------+
         Total |   2517 |   2440 |     77 |      0 |   1934 |   3 |  839.0 |
       Dungeon |   2517 |   2440 |     77 |      0 |   1934 |   3 |  839.0 |
               +--------+--------+--------+--------+--------+-----+--------+

Top non-repeatable levels by time:
     D:1: 1035 daAuts
     D:2: 930 daAuts
     D:3: 551 daAuts
